 Dungeon Crawl Stone Soup version 0.31-a0-1537-g69dc257577 (webtiles) character file.

Game seed: 5897070700142221219

236 Colgate the Caller (level 6, 0/37 (44) HPs)
             Began as a Gnoll Summoner on Jan 1, 2024.
             Slain by a wight
             ... wielding a +0 spear
              (5 damage)
             ... on level 4 of the Dungeon.
             The game lasted 00:19:50 (3932 turns).

Colgate the Caller (Gnoll Summoner)                 Turns: 3932, Time: 00:19:50

HP:   0/37 (44)     AC:  5    Str:  7    XL:     6   Next: 6%
MP:   9/14          EV: 13    Int: 17    God:
Gold: 47            SH:  0    Dex: 12    Spells: 9/15 levels left

rFire   . . .        a - +1 falchion (heavy)
rCold   . . .        (no shield)
rNeg    + . .        D - +2 robe {Will+}
rPois   .            r - +0 helmet
rElec   .            (no cloak)
rCorr   .            (no gloves)
SInv    .            (no boots)
Will    ++...        (no amulet)
Stlth   +++          k - ring of positive energy
HPRegen 0.26/turn    w - ring of willpower
MPRegen 0.14/turn

%: no passive effects
@: unable to call your familiar, heavily drained
A: fangs 1, strong nose, distributed training
a: no special abilities


You were on level 4 of the Dungeon.
You visited 1 branch of the dungeon, and saw 4 of its levels.

You collected 91 gold pieces.
You spent 44 gold pieces at shops.

Inventory:

Hand Weapons
 a - a +1 heavy falchion (weapon)
 b - a +1 dagger of draining
Armour
 r - a +0 helmet (worn)
 D - a +2 robe of willpower (worn)
Magical Staves
 n - a staff of air
 q - a staff of earth
Jewellery
 k - a ring of positive energy (left hand)
 w - a ring of willpower (right hand)
Wands
 B - a wand of flame (18)
Scrolls
 c - 2 scrolls of brand weapon
 e - 2 scrolls of teleportation {unknown}
 h - a scroll of enchant armour {unknown}
 i - 6 scrolls of identify {unknown}
 o - a scroll of fear {unknown}
 t - a scroll of blinking {unknown}
 v - a scroll of noise {unknown}
 x - a scroll of fog
 y - a scroll of amnesia {unknown}
 z - a scroll of enchant weapon {unknown}
Potions
 d - 3 potions of brilliance {unknown}
 f - a potion of magic
 g - a potion of ambrosia {unknown}
 j - 2 potions of might {unknown}
 l - 2 potions of haste {unknown}
 m - 2 potions of attraction {unknown}
 p - a potion of curing {unknown}
 u - a potion of heal wounds {unknown}
 A - a potion of lignification {unknown}
 C - a potion of berserk rage {unknown}


   Skills:
 + Level 1.8 Fighting
 + Level 1.8 Short Blades
 + Level 1.8 Long Blades
 + Level 1.8 Axes
 + Level 1.8 Maces & Flails
 + Level 1.8 Polearms
 + Level 1.8 Staves
 + Level 1.8 Ranged Weapons
 + Level 1.8 Throwing
 + Level 1.8 Armour
 + Level 4.9 Dodging
 + Level 4.5 Stealth
 + Level 1.8 Shields
 + Level 1.8 Unarmed Combat
 + Level 5.3 Spellcasting
 + Level 1.4 Conjurations
 + Level 1.4 Hexes
 + Level 7.2 Summonings
 + Level 1.4 Necromancy
 + Level 1.4 Translocations
 + Level 1.4 Fire Magic
 + Level 1.4 Ice Magic
 + Level 1.4 Air Magic
 + Level 1.4 Earth Magic
 + Level 1.4 Alchemy
 + Level 2.0 Invocations
 + Level 1.8 Evocations
 + Level 1.6 Shapeshifting


You had 9 spell levels left.
You knew the following spells:

 Your Spells              Type           Power      Damage    Failure   Level
a - Summon Small Mammal   Summ           100%       N/A       1%          1
b - Call Imp              Summ           58%        N/A       1%          2
c - Call Canine Familiar  Summ           29%        N/A       1%          3

Your spell library contained the following spells:

 Spells                   Type           Power      Damage    Failure   Level
 Mercury Vapours          Alch/Air       18%        N/A       12%         2
 Mephitic Cloud           Conj/Alch/Air  9%         N/A       22%         3
 Summon Blazeheart Golem  Fire/Summ      19%        N/A       22%         4
 Summon Lightning Spire   Summ/Air       19%        N/A       22%         4
 Freezing Cloud           Conj/Ice/Air   4%         6-21      91%         5


Dungeon Overview and Level Annotations

Branches:
Dungeon (4/15)
 Temple: D:4-7

Altars:
Qazlal
Trog

Shops:
D:2 *


Innate Abilities, Weirdness & Mutations

You have very sharp teeth.
Your uncanny sense of smell can sniff out nearby items.
Your experience applies equally to all skills.


Message History

Your cerulean imp barely misses the wight.
Your rat misses the wight.
Your inugami hits the wight but does no damage.
The wight misses you.
The wight hits your cerulean imp with a +0 war axe.
The wight hits your rat with a +0 war axe.
Your rat dies!
Your rat's corpse disappears in a puff of smoke!
The wight barely misses your quokka.
The wight hits your inugami with a +5 spear!
Your inugami dies!
Your inugami disappears in a puff of smoke!
Your quokka bites the wight.
Your cerulean imp hits the wight but does no damage.
The wight hits you from afar with a +0 spear.
You partially resist.
You feel drained.
You barely miss the wight.
Your cerulean imp misses the wight.
The wight hits you from afar with a +0 spear.
You partially resist.
You feel drained. The wight closely misses you.
The wight hits your quokka with a +0 war axe.
Your quokka dies!
Your quokka's corpse disappears in a puff of smoke!
Your cerulean imp hits the wight but does no damage.
You barely miss the wight. The wight closely misses you.
The wight barely misses you.
Your cerulean imp hits the wight but does no damage.
The wight barely misses you.
The wight hits you from afar with a +0 spear.
You partially resist.
You feel drained.
Your cerulean imp closely misses the wight.
You hit the wight. The wight misses you.
The wight hits your cerulean imp with a +0 war axe.
The wight hits you from afar with a +5 spear!
The wight closely misses you.
Your cerulean imp closely misses the wight.
The wight hits you from afar with a +5 spear!
* * * LOW HITPOINT WARNING * * *
You partially resist.
You feel drained.
The wight hits you from afar with a +0 spear.
You die...

...## ...# ...#
..# ..# #.# #
#.#
#..##<########
#..@.......#
......z........#
##.##.5zz......#
#. #...[......#
...>........#
#.#..........#
#.####.####### .
#.#


You could see 3 wights and a friendly cerulean imp (summoned).

Vanquished Creatures
  Ijyb (D:3)
  Terence (D:3)
  A ball python (D:1)
  A hobgoblin (D:2)
  A bat (D:1)
5 creatures vanquished.

Vanquished Creatures (collateral kills)
  A centaur (D:3)
  Jessica (D:3)
  Robin (D:2)
  3 adders
  An orc (D:3)
  4 ball pythons
  2 giant cockroaches (D:1)
  5 hobgoblins
  5 kobolds
  2 quokkas
  2 bats (D:2)
  13 goblins
  A rat (D:2)
41 creatures vanquished.

Grand Total: 46 creatures vanquished

Notes
Turn   | Place    | Note
-------+----------+-------------------------------------------
     0 | D:1      | Colgate the Gnoll Summoner began the quest for the Orb.
     0 | D:1      | Reached XP level 1. HP: 13/13 MP: 6/6
   216 | D:1      | Reached XP level 2. HP: 19/19 MP: 4/7
   269 | D:1      | Learned a level 2 spell: Call Imp
   381 | D:1      | Found a faded altar of an unknown god.
  1084 | D:2      | Found Zyoqaw's General Store.
  1364 | D:2      | Reached skill level 5 in Spellcasting
  1364 | D:2      | Reached XP level 3. HP: 20/25 MP: 1/9
  1368 | D:2      | Learned a level 3 spell: Call Canine Familiar
  1505 | D:2      | Noticed Robin
  1516 | D:2      | Killed Robin
  1517 | D:2      | Reached skill level 1 in Invocations
  1528 | D:2      | Reached skill level 1 in Fighting
  1528 | D:2      | Reached skill level 1 in Short Blades
  1528 | D:2      | Reached skill level 1 in Long Blades
  1528 | D:2      | Reached skill level 1 in Axes
  1528 | D:2      | Reached skill level 1 in Maces & Flails
  1528 | D:2      | Reached skill level 1 in Polearms
  1528 | D:2      | Reached skill level 1 in Staves
  1528 | D:2      | Reached skill level 1 in Ranged Weapons
  1528 | D:2      | Reached skill level 1 in Throwing
  1528 | D:2      | Reached skill level 1 in Armour
  1528 | D:2      | Reached skill level 1 in Shields
  1528 | D:2      | Reached skill level 1 in Unarmed Combat
  1528 | D:2      | Reached skill level 1 in Evocations
  1608 | D:2      | Reached skill level 1 in Shapeshifting
  1608 | D:2      | Reached XP level 4. HP: 32/32 MP: 11/11
  2669 | D:2      | Bought a scroll of fog for 44 gold pieces
  2720 | D:3      | Noticed Terence
  2727 | D:3      | Killed Terence
  2728 | D:3      | Reached skill level 1 in Conjurations
  2728 | D:3      | Reached skill level 1 in Hexes
  2728 | D:3      | Reached skill level 1 in Necromancy
  2728 | D:3      | Reached skill level 1 in Translocations
  2728 | D:3      | Reached skill level 1 in Fire Magic
  2728 | D:3      | Reached skill level 1 in Ice Magic
  2728 | D:3      | Reached skill level 1 in Air Magic
  2728 | D:3      | Reached skill level 1 in Earth Magic
  2728 | D:3      | Reached skill level 1 in Alchemy
  3127 | D:3      | Noticed a centaur
  3145 | D:3      | Killed a centaur
  3146 | D:3      | Reached XP level 5. HP: 15/37 MP: 3/12
  3250 | D:3      | Noticed Ijyb
  3273 | D:3      | Killed Ijyb
  3410 | D:3      | Found a stormy altar of Qazlal.
  3762 | D:3      | Found a faded altar of an unknown god.
  3762 | D:3      | Noticed Jessica
  3765 | D:3      | Killed Jessica
  3766 | D:3      | Reached XP level 6. HP: 44/44 MP: 8/14
  3768 | D:3      | Found a bloodstained altar of Trog.
  3932 | D:4      | Slain by a wight

Illustrated notes

Levels and vault maps discovered:
D:1:      lightli_molten_gateway, layout_rooms,
          shapermc_ecumenical_altar_mp_highgroup
D:2:      layout_basic, serial_shops, shop, uniq_robin
D:3:      layout_loops_ring, mainiacjoe_overflow_alcove_2,
          nicolae_overflow_ecumenical_swirl, kennysheep_boxes, uniq_ijyb,
          uniq_terence, uniq_jessica
D:4:      layout_rooms, nicolae_vehumet_radiance, gammafunk_ghost_split

Skill      XL: |  1  2  3  4  5 |
---------------+----------------+-----
Spellcasting   | 5 |  5.3
Invocations    | 1 2 |  2.0
Fighting       | 1 |  1.8
Short Blades   | 1 |  1.8
Long Blades    | 1 |  1.8
Axes           | 1 |  1.8
Maces & Flails | 1 |  1.8
Polearms       | 1 |  1.8
Staves         | 1 |  1.8
Ranged Weapons | 1 |  1.8
Throwing       | 1 |  1.8
Armour         | 1 |  1.8
Shields        | 1 |  1.8
Unarmed Combat | 1 |  1.8
Evocations     | 1 |  1.8
Shapeshifting  | 1 |  1.6
Conjurations   | 1 |  1.4
Hexes          | 1 |  1.4
Necromancy     | 1 |  1.4
Translocations | 1 |  1.4
Fire Magic     | 1 |  1.4
Ice Magic      | 1 |  1.4
Air Magic      | 1 |  1.4
Earth Magic    | 1 |  1.4
Alchemy        | 1 |  1.4
Dodging        | |  4.9
Stealth        | |  4.5
Summonings     | |  7.2

Action                     |  1- 3 |  4- 6 || total
---------------------------+-------+-------++-------
  Melee: Dagger            |     8 |    10 ||    18
         Punch             |     2 |       ||     2
         Bite              |     2 |       ||     2
         Falchion          |       |     8 ||     8
   Cast: Summon Small Mamm |    31 |     8 ||    39
         Call Imp          |    16 |     9 ||    25
         Call Canine Famil |     1 |    13 ||    14
    Use: Scroll            |     1 |       ||     1
   Stab: Sleeping          |       |     2 ||     2
         Betrayed ally     |       |     1 ||     1
 Armour: Robe              |     9 |     7 ||    16
         Animal skin       |       |    12 ||    12
  Dodge: Dodged            |     5 |    18 ||    23

Table legend: (Time is in decaauts)
 A = Elapsed time spent in this place.
 B = Non-inter-level travel time spent in this place.
 C = Inter-level travel time spent in this place.
 D = Time resting spent in this place.
 E = Time spent auto-exploring this place.
 F = Levels seen in this place.
 G = Mean time per level.
                   A        B        C        D        E       F      G
               +--------+--------+--------+--------+--------+-----+--------+
         Total |   3949 |   3643 |    306 |     15 |   3056 |   4 |  987.2 |
       Dungeon |   3949 |   3643 |    306 |     15 |   3056 |   4 |  987.2 |
               +--------+--------+--------+--------+--------+-----+--------+

Top non-repeatable levels by time:
     D:2: 1966 daAuts
     D:3: 1153 daAuts
     D:1: 788 daAuts
     D:4: 41 daAuts
